 Dungeon Sprint DCSS version 0.19.1 (webtiles) character file.

35332 equalderp2856 the Sabretooth (level 13, -4/62 HPs)
             Began as a Felid Fighter on Dec 3, 2016.
             Was a High Priest of Lugonu.
             Killed from afar by Mara (illusionary) (57 damage)
             ... with a bolt of fire
             ... in the Dungeon (Sprint IX: "|||||||||||||||||||||||||||||").
             The game lasted 00:28:01 (11273 turns).

equalderp2856 the Sabretooth (Felid Fighter)       Turns: 11273, Time: 00:28:01

Health: -4/62      AC:  3    Str: 14    XL:     13   Next: 47%
Magic:  20/28      EV: 36    Int: 11    God:    Lugonu [*****.]
Gold:   1907       SH:  0    Dex: 17    Spells: 0 memorised, 12 levels left
                                        Lives:  0   Deaths: 4

rFire  . . .     SeeInvis +       - Unarmed
rCold  + + .     Gourm    .     (armour unavailable)
rNeg   . . .     Faith    .     (shield unavailable)
rPois  .         Spirit   .     (helmet unavailable)
rElec  .         Reflect  .     (cloak unavailable)
rCorr  .         Harm     .     (gloves unavailable)
MR     +....     NoTele   +     (boots unavailable)
Stlth  +++++++...               (no amulet)
                                w - ring of protection from cold
                                m - +2 ring of evasion

@: quick
A: no armour, no weapons or thrown items, stealth, claws 1, fangs 3, see
invisible, carnivore 3, speed 1, shaggy fur 3, slow metabolism 1, sharp paws
a: Bend Space, Banish, Corrupt, Renounce Religion


You were in the Dungeon.
You worshipped Lugonu.
Lugonu was extremely pleased with you.
You were not hungry.

You visited 1 branch You collected 1907 gold pieces.

Inventory:

Jewellery
 m - a +2 ring of evasion (left paw)
 n - a +3 ring of dexterity
 v - an uncursed ring of protection from magic
 w - a ring of protection from cold (right paw)
 x - an uncursed ring of poison resistance
Wands
 l - a wand of lightning (0/15)
 s - a wand of lightning (0/15)
 t - a wand of random effects (13/48)
Scrolls
 h - 3 scrolls of blinking
 j - 4 scrolls of remove curse
 k - 2 scrolls of amnesia
 q - a scroll of recharging
 r - a scroll of fog
 u - a scroll of magic mapping
Potions
 a - a potion of might
 c - a potion of cure mutation {unknown}
 e - a potion of haste
 f - 3 potions of magic
 g - a potion of berserk rage
 o - 2 potions of resistance
 p - 3 potions of brilliance
 z - a potion of agility
Comestibles
 b - 9 meat rations


   Skills:
 + Level 10.4 Fighting
 + Level 19.8 Dodging
 + Level 17.2 Stealth
 O Level 27 Unarmed Combat
 * Level 21.7 Invocations
 + Level 4.7 Evocations


You had 12 spell levels left.
You didn't know any spells.

Dungeon Overview and Level Annotations

Branches:
Dungeon (1/1)

Altars:
Cheibriados
Dithmenos
Elyvilon
Fedhas
Gozag
Hepliaklqana
Kikubaaqudgha
Makhleb
Nemelex Xobeh
Okawaru
Qazlal
Ru
Sif Muna
Trog
Uskayaw
Vehumet
Xom
Yredelemnul
Zin
The Shining One
Beogh
Jiyva
Lugonu

Shops:
D }[}(

Annotations:
D Mara


Innate Abilities, Weirdness & Mutations

You cannot wear armour.
You are incapable of wielding weapons or throwing items.
Your paws allow you to move quietly. (Stealth)
You have sharp claws.
You have razor-sharp teeth.
You have supernaturally acute eyesight. (SInv)
You are carnivorous and can eat meat at any time.
You cover ground quickly.
Your thick and shaggy fur keeps you warm. (AC +3, rC+)
You have a slow metabolism.
Your sharp claws are effective at attacking unaware monsters.


Message History

Mara hits you with a demon whip of electrocution!
Found the +1 great mace "Resur" {venom, rPois rF- rN+}.
You see here a +2 ring of slaying.
Mara gestures at you. Pain shoots through your body!
Found a +9 scythe.
You see here a +6 ring of intelligence.
You don't have enough magic at the moment.
Unknown command.
Okay, then.
Magic courses through your body.
Okay, then.
Press: ? - help, Shift-Dir - straight line, f/p - Mara
Aim: Mara, wielding a demon whip of electrocution and wearing a robe (chance to defeat MR: 8%) Mara resists with almost no effort.
You feel somewhat more hungry.
Mara says, "Bound art thou by all the snares!"
Mara gestures at you.
The bolt of fire misses Mara.
The bolt of fire hits you!
Ouch! That really hurt!
You die...

)▓.▓[▓.▓.▓.▓.▓.▓
)▓.▓.▓.▓.▓.▓.▓.▓)▓
)▓.▓)▓.▓.▓.▓.▓.▓)▓
)▓.▓)▓.▓.▓.▓.▓.▓.▓
)▓.▓)▓.▓.▓.▓.▓.▓.▓
)▓.▓)▓.▓[▓.▓.▓.▓.▓
.▓.▓)▓.▓.▓.▓.▓.▓=▓
.▓.▓)▓.▓.▓.▓'▓§▓=▓
.▓.▓)▓.▓)▓.▓.▓.▓@▓
.▓.▓)▓.▓'▓.▓.▓.▓R▓
.▓.▓.▓.▓.▓.▓.▓.▓"▓
'▓.▓.▓.▓.▓.▓.▓§▓.▓
.▓.▓.▓)▓.▓.▓)▓.▓R▓
.▓.▓.▓.▓.▓.▓)▓§▓@▓
.▓.▓=▓.▓.▓.▓.▓.▓.▓
.▓.▓'▓.▓.▓.▓.▓.▓.▓
.▓.▓.▓.▓.▓)▓.▓.▓.▓


You could see 2 Maras and equalderp2856's illusion.

Vanquished Creatures
  Mennas (D)
  A Killer Klown (D)
  A lich (D)
  An Orb Guardian (D)
  Frances (D)
  Gastronok (D)
  A thorn hunter (D)
  A nagaraja (D)
  2 frost giants (D)
  3 very ugly things (D)
  3 ettins (D)
  A merfolk javelineer (D)
  A mummy priest (D)
  A yaktaur captain (D)
  7 ogre magi (D)
  Harold (D)
  3 ice dragons (D)
  A naga warrior (D)
  A rakshasa (D)
  A centaur warrior (D)
  A ghost crab (D)
  2 anacondas (D)
  A hydra (D)
  A merfolk avatar (D)
  A catoblepas (D)
  A tengu warrior (D)
  An alligator (D)
  A deep troll earth mage (D)
  A deep troll shaman (D)
  5 death yaks (D)
  Urug (D)
  A shock serpent (D)
  Sonja (D)
  A spriggan berserker (D)
  A shadow wraith (D)
  2 glowing orange brains (D)
  A sea snake (D)
  2 unseen horrors (D)
  A wizard (D)
  A naga ritualist (D)
  4 hill giants (D)
  3 ironbrand convokers (D)
  An orb spider (D)
  A harpy (D)
  An orc knight (D)
  2 ugly things (D)
  An orc sorcerer (D)
  A water nymph (D)
  A guardian serpent (D)
  A black mamba (D)
  2 vault sentinels (D)
  A gargoyle (D)
  2 demonic crawlers (D)
  2 spiny frogs (D)
  3 yaktaurs (D)
  A rime drake (D)
  A yaktaur (shapeshifter) (D)
  2 komodo dragons (D)
  A freezing wraith (D)
  5 trolls (D)
  2 merfolk (D)
  2 jumping spiders (D)
  A hornet (D)
  A wind drake (D)
  2 snapping turtles (D)
  4 hippogriffs (D)
  A hippogriff (shapeshifter) (D)
  A redback (D)
  A shadow (D)
  A wyvern (D)
  3 yaks (D)
  2 vampire mosquitoes (D)
  A naga (D)
  2 porcupines (D)
  2 ice beasts (D)
  12 orc warriors (D)
  2 centaurs (D)
  A wolf (D)
  4 crocodiles (D)
  A bullfrog (D)
  A killer bee (D)
  A crimson imp (D)
  3 orc priests (D)
  4 orc wizards (D)
  A worker ant (shapeshifter) (D)
  A worker ant (D)
  An adder (D)
  An adder skeleton (D)
  A dart slug (D)
  An adder simulacrum (D)
  8 orcs (D)
  A bat skeleton (D)
  A bat zombie (D)
  A hobgoblin (D)
  A jackal (D)
  2 kobolds (D)
  A ball python simulacrum (D)
  A rat (D)
  3 briar patches (D)
176 creatures vanquished.

Vanquished Creatures (others)
  A draconian knight (D)
  2 vault wardens (D)
  A stone giant (D)
  An entropy weaver (D)
  A vampire knight (D)
  A hydra (D)
  A tengu warrior (D)
  A hell knight (D)
  An orb spider (D)
  A cyclops (D)
  A spiny frog (D)
  A redback (D)
13 creatures vanquished.

Grand Total: 189 creatures vanquished

Notes
Turn   | Place    | Note
-------+----------+-------------------------------------------
     0 | D        | equalderp2856 the Felid Fighter began the quest for the Orb.
     0 | D        | Reached XP level 1. HP: 10/10 MP: 2/2
    21 | D        | Noticed a crimson imp
    21 | D        | Noticed a centaur
    22 | D        | Reached skill level 5 in Dodging
    22 | D        | Reached XP level 2. HP: 14/14 MP: 3/3
    35 | D        | Killed a crimson imp
    35 | D        | Reached skill level 1 in Stealth
    35 | D        | Reached skill level 6 in Unarmed Combat
    35 | D        | Reached XP level 3. HP: 13/18 MP: 4/4
    39 | D        | Killed a centaur
    39 | D        | Reached skill level 5 in Fighting
    39 | D        | Reached skill level 8 in Unarmed Combat
    39 | D        | Reached XP level 4. HP: 9/23 MP: 5/5
   193 | D        | Found a roughly hewn altar of Beogh.
   193 | D        | Found a snail-covered altar of Cheibriados.
   193 | D        | Found a shadowy altar of Dithmenos.
   193 | D        | Found a white marble altar of Elyvilon.
   193 | D        | Found a blossoming altar of Fedhas.
   193 | D        | Found an opulent altar of Gozag.
   194 | D        | Found a hazy altar of Hepliaklqana.
   195 | D        | Found a viscous altar of Jiyva.
   196 | D        | Found an ancient bone altar of Kikubaaqudgha.
   197 | D        | Found a corrupted altar of Lugonu.
   198 | D        | Found a burning altar of Makhleb.
   199 | D        | Found a sparkling altar of Nemelex Xobeh.
   200 | D        | Found an iron altar of Okawaru.
   201 | D        | Found a stormy altar of Qazlal.
   202 | D        | Found a sacrificial altar of Ru.
   203 | D        | Found a deep blue altar of Sif Muna.
   204 | D        | Found a bloodstained altar of Trog.
   205 | D        | Became a worshipper of Lugonu the Unformed
   205 | D        | Reached * piety under Lugonu
   206 | D        | Found a hide-covered altar of Uskayaw.
   207 | D        | Found a radiant altar of Vehumet.
   208 | D        | Found a shimmering altar of Xom.
   209 | D        | Found a basalt altar of Yredelemnul.
   210 | D        | Found a glowing silver altar of Zin.
   211 | D        | Found a glowing golden altar of the Shining One.
   238 | D        | Noticed an ice beast
   238 | D        | Noticed an ice beast
   245 | D        | Reached XP level 5. HP: 17/26 MP: 6/6
   376 | D        | Killed an ice beast
   376 | D        | Reached ** piety under Lugonu
   376 | D        | Reached skill level 10 in Unarmed Combat
   400 | D        | Gained mutation: You are covered in thick fur. (AC +2) [Felid growth]
   400 | D        | Reached XP level 6. HP: 21/31 MP: 7/7
   635 | D        | Killed an ice beast
   635 | D        | Reached skill level 11 in Unarmed Combat
   789 | D        | Noticed an unseen horror
   789 | D        | Noticed an unseen horror
   789 | D        | Noticed a hippogriff
   791 | D        | Reached *** piety under Lugonu
   801 | D        | Killed a hippogriff
   801 | D        | Reached skill level 10 in Dodging
   801 | D        | Reached XP level 7. HP: 27/35 MP: 8/8
   808 | D        | Reached skill level 12 in Unarmed Combat
   811 | D        | Killed an unseen horror
   811 | D        | Reached **** piety under Lugonu
   811 | D        | Reached skill level 13 in Unarmed Combat
   811 | D        | Reached XP level 8. HP: 26/40 MP: 9/9
   829 | D        | Killed an unseen horror
   829 | D        | Reached skill level 5 in Stealth
   829 | D        | Reached skill level 14 in Unarmed Combat
  1263 | D        | Noticed a komodo dragon
  1263 | D        | Noticed a spiny frog
  1263 | D        | Noticed a hippogriff
  1263 | D        | Noticed a hippogriff
  1268 | D        | Noticed a rime drake
  1273 | D        | Killed a hippogriff
  1277 | D        | Noticed a spiny frog
  1278 | D        | Killed a hippogriff
  1278 | D        | Reached skill level 15 in Unarmed Combat
  1278 | D        | Reached XP level 9. HP: 34/45 MP: 10/10
  1281 | D        | Killed a spiny frog
  1354 | D        | Killed a komodo dragon
  1359 | D        | Reached ***** piety under Lugonu
  1359 | D        | Reached skill level 16 in Unarmed Combat
  1374 | D        | Killed a rime drake
  1530 | D        | Killed a spiny frog
  1687 | D        | Noticed a komodo dragon
  1704 | D        | Reached skill level 17 in Unarmed Combat
  1709 | D        | Reached XP level 10. HP: 36/49 MP: 11/11
  1714 | D        | Reached ****** piety under Lugonu
  1848 | D        | Noticed a death yak
  1848 | D        | Noticed a death yak
  1848 | D        | Noticed a death yak
  1848 | D        | Noticed a death yak
  1848 | D        | Noticed a catoblepas
  1855 | D        | Noticed a death yak
  1858 | D        | Mangled by a catoblepas
  1859 | D        | Reached XP level 9. HP: -9/45 MP: 10/10
  1889 | D        | Found Suerios's Gadget Shop.
  1889 | D        | Noticed an ogre mage
  1889 | D        | Noticed a hill giant
  1889 | D        | Noticed a troll
  1889 | D        | Noticed a troll
  1889 | D        | Noticed a hill giant
  1890 | D        | Noticed an ogre mage
  1892 | D        | Killed an ogre mage
  1892 | D        | Reached skill level 15 in Dodging
  1892 | D        | Reached skill level 18 in Unarmed Combat
  1896 | D        | Noticed an ogre mage
  1896 | D        | Killed a hill giant
  1936 | D        | Killed a troll
  1936 | D        | Reached skill level 1 in Evocations
  1937 | D        | Killed a troll
  1944 | D        | Killed an ogre mage
  1944 | D        | Reached skill level 19 in Unarmed Combat
  1944 | D        | Reached XP level 10. HP: 38/49 MP: 10/12
  2014 | D        | Noticed an ogre mage
  2019 | D        | Killed a hill giant
  2024 | D        | Killed an ogre mage
  2027 | D        | Killed an ogre mage
  2030 | D        | Found Siuculipt's Armour Boutique.
  2034 | D        | Found Weroof's Gadget Shop.
  2038 | D        | Found Zugocom's Weapon Boutique.
  2041 | D        | Noticed a hill giant
  2042 | D        | Noticed a hill giant
  2053 | D        | Killed a hill giant
  2053 | D        | Reached skill level 20 in Unarmed Combat
  2061 | D        | Killed a hill giant
  2066 | D        | Reached XP level 11. HP: 47/54 MP: 14/14
  2111 | D        | Noticed an orc sorcerer
  2375 | D        | Noticed a sun demon
  2388 | D        | Killed an orc sorcerer
  2388 | D        | Reached skill level 10 in Stealth
  2412 | D        | Noticed an orc knight
  2533 | D        | Killed an orc knight
  2533 | D        | Reached skill level 21 in Unarmed Combat
  2935 | D        | Noticed Gastronok
  2948 | D        | Killed Gastronok
  3095 | D        | Noticed Urug
  3102 | D        | Killed Urug
  3107 | D        | Noticed Harold
  3122 | D        | Killed Harold
  3122 | D        | Reached skill level 22 in Unarmed Combat
  3213 | D        | HP: 1/54 [death yak (26)]
  3511 | D        | Killed a death yak
  3517 | D        | Killed a death yak
  3526 | D        | Killed a death yak
  3747 | D        | Killed a death yak
  3747 | D        | Gained mutation: Your thick and shaggy fur keeps you warm. (AC +3, rC+) [Felid growth]
  3747 | D        | Reached XP level 12. HP: 58/58 MP: 15/15
  3752 | D        | Killed a death yak
  3752 | D        | Reached skill level 23 in Unarmed Combat
  3793 | D        | Killed a catoblepas
  4548 | D        | Noticed a rakshasa
  4548 | D        | Noticed a centaur warrior
  4554 | D        | Reached skill level 1 in Invocations
  4560 | D        | Killed a centaur warrior
  4833 | D        | Killed a rakshasa
  5078 | D        | Noticed a tengu warrior
  5079 | D        | Noticed a frost giant
  5082 | D        | Noticed an ettin
  5083 | D        | Noticed an ogre mage
  5088 | D        | Noticed a yaktaur captain
  5094 | D        | Killed a frost giant
  5099 | D        | Killed a tengu warrior
  5106 | D        | Reached skill level 24 in Unarmed Combat
  5257 | D        | Killed an ettin
  5262 | D        | Killed an ogre mage
  5262 | D        | Reached skill level 5 in Invocations
  5304 | D        | Killed a yaktaur captain
  5422 | D        | Noticed a merfolk avatar
  5429 | D        | Killed a merfolk avatar
  5586 | D        | Slain by a snapping turtle
  5587 | D        | Reached XP level 11. HP: -1/54 MP: 16/16
  5864 | D        | Noticed a sea snake
  5872 | D        | Killed a sea snake
  6177 | D        | Noticed an anaconda
  6177 | D        | Noticed a naga ritualist
  6177 | D        | Noticed a nagaraja
  6177 | D        | Noticed a naga warrior
  6177 | D        | Noticed an anaconda
  6179 | D        | Killed an anaconda
  6179 | D        | Reached XP level 12. HP: 58/58 MP: 17/17
  6181 | D        | Killed a naga warrior
  6181 | D        | Reached skill level 25 in Unarmed Combat
  6553 | D        | Killed a nagaraja
  6758 | D        | Killed an anaconda
  6765 | D        | Reached skill level 10 in Fighting
  6765 | D        | Killed from afar by a guardian serpent
  6766 | D        | Reached XP level 11. HP: -3/54 MP: 18/18
  6828 | D        | Noticed Sonja
  6831 | D        | Noticed Frances
  6835 | D        | Killed Sonja
  6839 | D        | Killed Frances
  6839 | D        | Reached skill level 15 in Stealth
  6861 | D        | Noticed an alligator
  6861 | D        | Noticed a five-headed hydra
  6861 | D        | Noticed a thorn hunter
  6861 | D        | Noticed a ghost crab
  6871 | D        | Killed a seven-headed hydra
  6966 | D        | Killed an alligator
  7199 | D        | Killed a five-headed hydra
  7331 | D        | Killed a thorn hunter
  7331 | D        | Reached skill level 26 in Unarmed Combat
  7331 | D        | Reached XP level 12. HP: 33/58 MP: 18/20
  7519 | D        | Killed a ghost crab
  7959 | D        | Noticed an entropy weaver
  8056 | D        | Banished an entropy weaver
  8056 | D        | Reached skill level 10 in Invocations
  8575 | D        | Noticed an ettin
  8575 | D        | Noticed an ettin
  8575 | D        | Noticed an ice dragon
  8575 | D        | Noticed an ice dragon
  8576 | D        | Noticed an ice dragon
  8577 | D        | Killed an ice dragon
  8578 | D        | Noticed a deep troll shaman
  8579 | D        | Killed an ice dragon
  8604 | D        | Killed an ettin
  8609 | D        | Killed an ettin
  8887 | D        | Killed an ice dragon
  8981 | D        | Killed a deep troll shaman
  9004 | D        | Noticed a tengu warrior
  9005 | D        | Noticed a red very ugly thing
  9006 | D        | Noticed a purple very ugly thing
  9007 | D        | Noticed a lich
  9008 | D        | Noticed a purple very ugly thing
  9027 | D        | Killed a red very ugly thing
  9043 | D        | Noticed an Executioner
  9147 | D        | Killed a purple very ugly thing
  9327 | D        | Banished a tengu warrior
  9338 | D        | Killed a lich
  9338 | D        | Reached XP level 13. HP: 37/62 MP: 7/24
  9525 | D        | Killed a purple very ugly thing
  9538 | D        | Noticed a vampire knight
  9551 | D        | Banished a vampire knight
  9551 | D        | Reached skill level 15 in Invocations
  9560 | D        | Noticed a vault warden
  9584 | D        | Banished a vault warden
  9604 | D        | Noticed a vault warden
  9613 | D        | Reached skill level 27 in Unarmed Combat
  9663 | D        | Banished a vault warden
  9680 | D        | Noticed a frost giant
  9685 | D        | Noticed a stone giant
  9688 | D        | Noticed a vault warden
  9811 | D        | Killed a frost giant
  9812 | D        | Banished a stone giant
  9815 | D        | Banished a vault warden
  9823 | D        | Noticed a mummy priest
  9823 | D        | Noticed a merfolk javelineer
  9839 | D        | Noticed a red draconian knight
  9839 | D        | Noticed a Killer Klown
 10124 | D        | Banished a red draconian knight
 10137 | D        | Killed a Killer Klown
 10324 | D        | Noticed an Orb Guardian
 10333 | D        | Killed an Orb Guardian
 10530 | D        | Reached XP level 14. HP: 66/66 MP: 28/28
 10667 | D        | Killed from afar by a mummy priest
 10668 | D        | Reached XP level 13. HP: -1/62 MP: 27/27
 10690 | D        | Killed a mummy priest
 10695 | D        | Killed a merfolk javelineer
 11175 | D        | Noticed Mennas
 11182 | D        | Killed Mennas
 11209 | D        | Noticed Mara
 11223 | D        | Noticed equalderp2856's illusion
 11229 | D        | Noticed equalderp2856's illusion
 11236 | D        | Noticed equalderp2856's illusion
 11273 | D        | Killed from afar by Mara (illusionary)

Skill      XL: |  1  2  3  4  5  6  7  8  9 10 11 12 13 |
---------------+----------------------------------------+-----
Dodging        | 5 6 7 9 10 11 13 15 16 17 19 | 19.8
Fighting       | 4 5 6 7 8 9 10 | 10.4
Stealth        | 1 2 3 4 6 8 9 15 16 17 | 17.2
Unarmed Combat | 6 8 10 11 13 15 19 20 26 25 27 | 27.0
Evocations     | 1 3 4 |  4.7
Invocations    | 9 13 21 | 21.7

Action                   |  1- 3 |  4- 6 |  7- 9 | 10-12 | 13-15 || total
-------------------------+-------+-------+-------+-------+-------++-------
Melee: Unarmed           |    27 |    37 |    89 |   468 |   130 ||   751
       Bite              |     4 |     7 |    10 |    61 |    20 ||   102
       Punch             |       |       |     9 |    63 |    12 ||    84
Invok: Banish            |       |       |       |    11 |    30 ||    41
Evoke: Wand              |       |     1 |     5 |     7 |       ||    13
  Use: Potion            |       |     2 |     4 |    11 |     1 ||    18
       Scroll            |       |       |       |     1 |       ||     1
 Stab: Sleeping          |     1 |       |       |    10 |     2 ||    13
       Distracted        |       |       |     2 |     6 |     2 ||    10
  Eat: Meat ration       |       |       |       |     2 |     2 ||     4
Armor: Skin              |     3 |       |     2 |     6 |     1 ||    12
Dodge: Dodged            |    16 |    26 |    87 |   315 |    65 ||   509
